 Dungeon Crawl Stone Soup version 0.30-a0-883-g5ad918d (webtiles) character file.

Game seed: 6973387778769671562

291 Nithhogg the Chopper (level 6, 0/55 HPs)
             Began as a Hill Orc Fighter on Mar 17, 2023.
             Killed from afar by Blork the orc (4 damage)
             ... with a puff of frost
             ... on level 4 of the Dungeon.
             The game lasted 00:07:38 (2903 turns).

Nithhogg the Chopper (Hill Orc Fighter)             Turns: 2903, Time: 00:07:39

Health: 0/55       AC:  7    Str: 21    XL:     6   Next: 32%
Magic:  8/8        EV:  9    Int:  8    God:
Gold:   138        SH:  0    Dex: 10    Spells: 5/5 levels left

rFire   . . .      SeeInvis .    a - +0 war axe (elec)
rCold   . . .      Faith    .    (no shield)
rNeg    . . .      Spirit   .    b - +0 scale mail
rPois   .          Reflect  .    (no helmet)
rElec   .          Rampage  .    (no cloak)
rCorr   .                        (no gloves)
Will    .....                    (no boots) Stlth
                                 (no amulet)
HPRegen 0.29/turn                (no ring)
MPRegen 0.11/turn                (no ring)

@: studying Armour
A: no striking features
a: no special abilities


You were on level 4 of the Dungeon.
You visited 1 branch of the dungeon, and saw 4 of its levels.

You collected 138 gold pieces.

Inventory:

Hand Weapons
 a - a +0 war axe of electrocution (weapon)
Armour
 b - a +0 scale mail (worn)
 c - a +0 buckler
 q - a +1 scale mail of fire resistance
Wands
 g - a wand of iceblast (4)
Scrolls
 e - a scroll of magic mapping {unknown}
 f - a scroll of poison
 m - a scroll of identify
 o - 2 scrolls of enchant armour
Potions
 d - 2 potions of might
 h - a potion of brilliance
 i - a potion of flight {unknown}
 l - a potion of resistance {unknown}
 n - a potion of haste {unknown}
 p - a potion of heal wounds {unknown}


   Skills:
 + Level 4.9 Fighting
 * Level 5.7 Axes
 + Level 5.3 Armour
 - Level 3.2 Shields
 + Level 3.3 Invocations


You had 5 spell levels left.
You didn't know any spells.
Your spell library contained the following spells:

 Spells                   Type           Power      Damage    Failure   Level
 Foxfire                  Conj/Fire      0%         2x1d4     73%         1
 Kiss of Death            Conj/Necr      0%         2d5       73%         1
 Static Discharge         Conj/Air       0%         2-2/arc   86%         2
 Mephitic Cloud           Conj/Pois/Air  0%         N/A       97%         3
 Fireball                 Conj/Fire      0%         3d3       100%        5
 Simulacrum               Ice/Necr       0%         N/A       100%        6
 Starburst                Conj/Fire      0%         6d3       100%        6
 Necromutation            Tmut/Necr      0%         N/A       100%        8


Dungeon Overview and Level Annotations

Branches:
Dungeon (4/15)
 Temple: D:4-7

Altars:
Ashenzari

Annotations:
D:4 Blork the orc


Message History

Blork the orc is nearby!
Found 9 gold pieces.
Found a bubbling sapphire potion.
Blork the orc hits you with a +0 halberd.
You hit Blork the orc but do no damage.
Blork the orc hits you with a +0 halberd.
You slash Blork the orc!
Blork the orc is moderately wounded.
Blork the orc hits you with a +0 halberd!
Blork the orc mumbles some strange words.
Blork the orc seems to speed up.
You closely miss Blork the orc.
Blork the orc is moderately wounded.
Blork the orc hits you with a +0 halberd!
You are too injured to fight recklessly!
Blork the orc attacks as you move away!
Blork the orc hits you with a +0 halberd.
Blork the orc closely misses you.
Blork the orc grins evilly.
Blork the orc hits you from afar with a +0 halberd!
* * * LOW HITPOINT WARNING * * *
Okay, then.
Okay, then.
It was a potion of brilliance.
You feel clever all of a sudden.
Blork the orc hits you from afar with a +0 halberd.
* * * LOW HITPOINT WARNING * * *
It was a potion of cancellation.
Your magical effects are unravelling.
You feel magically purged.
You feel a little less clever now.
Blork the orc zaps a wand.
The bolt of light hits you.
* * * LOW HITPOINT WARNING * * *
Blork the orc hits you from afar with a +0 halberd.
* * * LOW HITPOINT WARNING * * *
Okay, then.
Blork the orc looks encouraged for a moment.
Blork the orc points at you and mumbles some strange words.
The puff of frost hits you.
You die...

.. ..#.### ...
#.# ..# ....
#$# #.#
.....##.# #.##
........###..#
#...o.#.#
#.###.#.# #.
#.#.# #. #@#.#
##..#.###.#.#
..........#.#
#####.##....#
... #.#### ##
#...# #...#
+...####+####
#...........##.


You could see Blork the orc (fast).

Vanquished Creatures
  A scorpion (D:4)
  2 orc priests
  An orc wizard (D:3)
  Ijyb (D:4)
  Terence (D:3)
  3 adders
  A worm (D:3)
  8 orcs
  8 bats
  3 endoplasms
  2 giant cockroaches
  6 goblins
  8 hobgoblins
  6 jackals
  A quokka (D:2)
  A ball python (D:1)
  3 frilled lizards
  6 kobolds
  2 rats
64 creatures vanquished.

Vanquished Creatures (others)
  8 demonic plants (D:2)
  A fungus (D:2)
  8 plants
  3 withered plants (D:2)
20 creatures vanquished.

Grand Total: 84 creatures vanquished

Notes
Turn   | Place    | Note
-------+----------+-------------------------------------------
     0 | D:1      | Nithhogg the Hill Orc Fighter began the quest for the Orb.
     0 | D:1      | Reached XP level 1. HP: 19/19 MP: 1/1
   106 | D:1      | Reached XP level 2. HP: 24/27 MP: 2/2
   134 | D:1      | Got Ziciseug's Anthology of the Vapourous Catacomb
   307 | D:1      | Reached skill level 1 in Invocations
   785 | D:2      | Reached XP level 3. HP: 28/33 MP: 2/4
  1061 | D:2      | Found a faded altar of an unknown god.
  1116 | D:2      | Reached XP level 4. HP: 25/40 MP: 5/5
  1957 | D:3      | Reached XP level 5. HP: 47/47 MP: 6/6
  1962 | D:3      | Reached skill level 5 in Axes
  1979 | D:3      | Found a broken altar of Ashenzari.
  2135 | D:3      | Noticed Terence
  2144 | D:3      | Killed Terence
  2689 | D:4      | Noticed Ijyb
  2695 | D:4      | Reached skill level 5 in Armour
  2695 | D:4      | Reached XP level 6. HP: 20/55 MP: 8/8
  2696 | D:4      | Killed Ijyb
  2890 | D:4      | Noticed Blork the orc
  2903 | D:4      | Killed from afar by Blork the orc

Illustrated notes

Levels and vault maps discovered:
D:1:      dpeg_arrival_lava_temple_mockup, layout_basic
D:2:      layout_loops_ring, shapermc_ecumenical_altar_gd
D:3:      corexii_shack_village, layout_basic, mainiacjoe_overflow_chevrons,
          chequers_serial_rivers_micro_c, minmay_misc_feat_chi, uniq_terence
D:4:      layout_basic, uniq_blork_the_orc, uniq_ijyb

Skill      XL: |  1  2  3  4  5 |
---------------+----------------+-----
Axes           | 3 4 5 |  5.7
Invocations    | 1 2 3 |  3.3
Fighting       | 4 |  4.9
Armour         | 4 5 |  5.3
Shields        | |  3.2

Action                     |  1- 3 |  4- 6 || total
---------------------------+-------+-------++-------
  Melee: War axe           |    82 |    96 ||   178
         Punch             |       |     1 ||     1
    Use: Scroll            |       |     5 ||     5
         Potion            |       |     3 ||     3
 Armour: Scale mail        |    59 |    60 ||   119
  Dodge: Dodged            |    59 |    49 ||   108

Table legend: (Time is in decaauts)
 A = Elapsed time spent in this place.
 B = Non-inter-level travel time spent in this place.
 C = Inter-level travel time spent in this place.
 D = Time resting spent in this place.
 E = Time spent auto-exploring this place.
 F = Levels seen in this place.
 G = Mean time per level.
                   A        B        C        D        E       F      G
               +--------+--------+--------+--------+--------+-----+--------+
         Total |   2953 |   2870 |     83 |      0 |   2408 |   4 |  738.2 |
       Dungeon |   2953 |   2870 |     83 |      0 |   2408 |   4 |  738.2 |
               +--------+--------+--------+--------+--------+-----+--------+

Top non-repeatable levels by time:
     D:3: 1155 daAuts
     D:2: 883 daAuts
     D:1: 695 daAuts
     D:4: 220 daAuts
